 Dungeon Crawl Stone Soup version 0.24-a0-201-gf205589 (webtiles) character file.

Game seed: 477571918109447149

4513 Azzok the Martial Artist (level 10, -9/60 HPs)
             Began as an Octopode Transmuter on Mar 25, 2019.
             Was an Initiate of Gozag.
             Mangled by a two-headed ogre
             ... wielding a +0 giant club
              (11 damage)
             ... on level 8 of the Dungeon.
             The game lasted 00:17:32 (11646 turns).

Azzok the Martial Artist (Octopode Transmuter)     Turns: 11646, Time: 00:17:32

Health: -9/60      AC:  2    Str: 11    XL:     10   Next: 39%
Magic:  9/15       EV: 20    Int: 18    God:    Gozag
Gold:   1172       SH:  0    Dex: 24    Spells: 3/13 levels left

rFire    . . .     SeeInvis .     - Unarmed
rCold    . . .     Gourm    .   (shield currently unavailable)
rNeg     . . .     Faith    .   (helmet currently unavailable)
rPois    x         Spirit   .   k - amulet of rage
rElec    .         Reflect  .   i - ring of flight
rCorr    .         Harm     .   q - +5 ring of dexterity
MR       .....                  (no ring)
Stlth    ++........             (no ring)
HPRegen  0.20/turn              (no ring)
MPRegen  0.14/turn              (no ring)
                                (no ring)
                                (no ring)

@: spider-form, very slightly contaminated
A: tiny, almost no armour, stealthy swim, (amphibious), 8 rings, (constrict 8),
strong 1
a: End Transformation, Potion Petition, Call Merchant, Bribe Branch, Renounce
Religion, Evoke Berserk Rage, Evoke Flight


You were on level 8 of the Dungeon.
You worshipped Gozag.
Gozag was most pleased with you.
You were hungry.
You were a venomous arachnid creature.
You visited 1 branch of the dungeon, and saw 8 of its levels.

You collected 1472 gold pieces.
You spent 54 gold pieces at shops.
You paid 246 gold pieces to Gozag.

Inventory:

Hand Weapons
 u - a +4 short sword of draining (melded)
Missiles
 a - 167 arrows
Armour
 t - a +0 buckler (melded)
Jewellery
 e - an uncursed ring of ice
 f - a +2 amulet of reflection
 i - a ring of flight (left front leg)
 k - an amulet of rage (around neck)
 q - a +5 ring of dexterity (right front leg)
 z - an uncursed ring of protection from fire {unknown}
Wands
 w - a wand of enslavement (23)
 x - a wand of digging (8)
 y - a wand of clouds (6)
Scrolls
 b - 2 scrolls of fear
 d - a scroll of blinking
 j - a scroll of enchant armour {unknown}
 l - 4 scrolls of teleportation
 n - 3 scrolls of remove curse
 p - a scroll of noise {unknown}
 r - 2 scrolls of amnesia {unknown}
 v - a scroll of fog {unknown}
 B - a scroll of magic mapping {unknown}
Potions
 g - a potion of magic
 h - a potion of heal wounds
 m - a potion of flight
 o - a potion of invisibility {unknown}
 s - a potion of agility {unknown}
 A - a potion of berserk rage
Comestibles
 c - 2 rations


   Skills:
 - Level 2.0 Fighting
 - Level 1.5 Short Blades
 - Level 2.0 Dodging
 + Level 6.0 Shields
 + Level 8.4 Unarmed Combat
 - Level 2.0 Spellcasting
 + Level 8.4 Transmutations
 + Level 7.4 Evocations


You had 3 spell levels left.
You knew the following spells:

 Your Spells              Type           Power        Failure   Level  Hunger
a - Ice Form              Ice/Tmut       ###.....     54%         4    #####..
b - Spider Form           Tmut/Pois      ###.......   24%         3    ###....
c - Sticks to Snakes      Tmut           ####....     4%          2    ###....
d - Beastly Appendage     Tmut           ####..       3%          1    #......

Your spell library contained the following spells:

 Spells                   Type           Power        Failure   Level  Hunger
 Blade Hands              Tmut           ####......   34%         5    ######.


Dungeon Overview and Level Annotations

Branches:
Dungeon (8/15)             Temple (0/1) D:4
   Lair: D:8-11

Altars:
Ashenzari
Elyvilon
Gozag
Hepliaklqana
Makhleb
Okawaru
Ru
Wu Jian
Xom
Zin
The Shining One

Shops:
D:5 [

Annotations:
D:3 1 runed translucent door, 1 exclusion, bli's ghost, amateur FoAK
D:4 3 runed translucent doors, nikopol's ghost, amateur DEFE
D:7 exclusion: 2 doors


Innate Abilities, Weirdness & Mutations

You cannot wear most types of armour.
You are very stealthy in the water. (Stealth+)
((You are amphibious.))
You can wear up to eight rings at the same time.
((You can use your tentacles to constrict eight enemies at once.))
((Your skin blends seamlessly with your surroundings (Stealth++).))
((Your rubbery body absorbs attacks. (AC +1, EV +1)))
((You are partially covered in yellow scales. (AC +2)))
Your muscles are strong. (Str +2)


Message History

Confirm with . or Enter, or press ? or * to list all spells.
You turn into a venomous arachnid creature.
Your +4 short sword of draining melds into your body.
Your +0 buckler melds into your body.
The two-headed ogre hits you with a +0 giant club.
* * * LOW HITPOINT WARNING * * *
The two-headed ogre hits you with a +0 giant club!
* * * LOW HITPOINT WARNING * * *
Unknown command.
You bite the two-headed ogre!
The two-headed ogre looks as sick as possible!
The two-headed ogre is heavily wounded.
The two-headed ogre becomes distracted by your gold, dreaming of imaginary riches.
You bite the two-headed ogre!
The two-headed ogre is no longer distracted by gold.
The two-headed ogre is severely wounded.
The two-headed ogre completely misses you.
The two-headed ogre hits you with a +0 giant club!
You die...
Your body crumbles into a pile of gold.

▒▒▒▒▒▒·▒▒▒······· ··
▒·▒▒▒▒▒▒··▒▒·▒▒▒▒▒▒
▒· ··········▒▒·▒▒
▒··▒·▒▒▒▒▒▒······▒
▒··▒· ▒······▒ ···
▒··▒▒▒·▒▒
▒·▒▒▒▒▒▒··▒▒▒··▒▒▒
▒················▒
▒·s▒▒▒▒▒··▒▒▒··▒·▒
▒·O▒ ▒··▒ ▒··▒·▒▒
▒··· ▒··▒ ▒··▒··▒
▒··▒· ▒··▒ ▒······
▒··▒·▒ ▒··▒ ▒··▒··▒
▒··▒ ▒ ▒··▒ ▒······
▒··▒·▒▒▒··▒▒▒···)·▒
····················
·· ·················


You could see a two-headed ogre.

Vanquished Creatures
  A two-headed ogre (D:7)
  Pikel (D:5)
  A hippogriff (D:7)
  A water moccasin (D:5)
  2 orc warriors
  A slave (D:5)
  3 sky beasts
  A black bear (D:6)
  A phantom (D:4)
  2 necrophages
  3 centaurs
  6 ogres
  3 bullfrogs
  A wyvern zombie (D:6)
  2 scorpions
  3 killer bees (D:7)
  A howler monkey (D:7)
  2 crimson imps
  A centaur zombie (D:8)
  3 hounds
  A centaur skeleton (D:5)
  3 jellies
  2 orc priests
  A bullfrog skeleton (D:8)
  An iguana (D:4)
  Ijyb (D:5)
  5 orc wizards
  6 worker ants
  2 hound skeletons
  4 worker ant zombies
  12 gnolls
  6 adders
  A shadow imp (D:6)
  An ooze (D:3)
  3 adder zombies
  2 worms (D:2)
  6 leopard geckos
  25 orcs
  A ball python (D:3)
  3 giant cockroaches
  4 hobgoblins
  7 jackals
  2 quokkas (D:7)
  A ball python skeleton (D:5)
  8 bats
  A frilled lizard (D:1)
  A giant cockroach zombie (D:5)
  2 goblins
  3 kobolds
154 creatures vanquished.

Vanquished Creatures (others)
  5 dream sheep (D:3)
  2 slaves (D:5)
  A centaur (D:5)
  An iguana (D:5)
  2 jackals (D:5)
  A leopard gecko zombie (D:5)
12 creatures vanquished.

Grand Total: 166 creatures vanquished

Notes
Turn   | Place    | Note
-------+----------+-------------------------------------------
     0 | D:1      | Azzok the Octopode Transmuter began the quest for the Orb.
     0 | D:1      | Reached XP level 1. HP: 13/13 MP: 3/3
   907 | D:1      | Reached XP level 2. HP: 7/18 MP: 5/5
  1249 | D:2      | Reached XP level 3. HP: 21/23 MP: 4/6
  1266 | D:2      | Learned a level 3 spell: Spider Form
  1831 | D:2      | Reached XP level 4. HP: 17/28 MP: 7/7
  1993 | D:2      | Found a faded altar of an unknown god.
  2031 | D:2      | Found an opulent altar of Gozag.
  2293 | D:2      | Became a worshipper of Gozag Ym Sagoz the Greedy
  2491 | D:3      | Found a runed translucent door.
  2492 | D:3      | Noticed a bullfrog
  2493 | D:3      | Noticed bli's ghost (amateur FoAK)
  2502 | D:3      | Found a burning altar of Makhleb.
  2547 | D:3      | Found a sacrificial altar of Ru.
  2787 | D:3      | Reached XP level 5. HP: 33/33 MP: 2/8
  3300 | D:3      | Reached skill level 5 in Unarmed Combat
  3300 | D:3      | Reached XP level 6. HP: 27/38 MP: 5/9
  3503 | D:3      | Noticed a dream sheep
  3503 | D:3      | Noticed a dream sheep
  3503 | D:3      | Noticed a dream sheep
  3503 | D:3      | Noticed a dream sheep
  3503 | D:3      | Noticed a dream sheep
  3503 | D:3      | Found a shimmering altar of Xom.
  3508 | D:3      | Killed a dream sheep
  3508 | D:3      | Killed a dream sheep
  3509 | D:3      | Killed a dream sheep
  3509 | D:3      | Killed a dream sheep
  3510 | D:3      | Killed a dream sheep
  4303 | D:4      | Found a staircase to the Ecumenical Temple.
  4349 | D:4      | Learned a level 2 spell: Sticks to Snakes
  4373 | D:4      | Reached skill level 1 in Evocations
  4488 | D:4      | Found a hazy altar of Hepliaklqana.
  4806 | D:4      | Noticed a phantom
  4832 | D:4      | HP: 1/38 [phantom (1)]
  4840 | D:4      | Killed a phantom
  4840 | D:4      | Reached skill level 5 in Transmutations
  4932 | D:4      | Reached XP level 7. HP: 43/43 MP: 3/10
  5020 | D:4      | Found a glowing silver altar of Zin.
  5129 | D:4      | Found a runed translucent gate.
  5129 | D:4      | Found a runed translucent gate.
  5129 | D:4      | Found a runed translucent gate.
  5129 | D:4      | Noticed nikopol's ghost (amateur DEFE)
  5497 | D:4      | Found an iron altar of Okawaru.
  5616 | D:5      | Entered Level 5 of the Dungeon
  5750 | D:5      | Found Jerchoim's Armour Emporium.
  5758 | D:5      | Bought a +0 buckler for 54 gold pieces
  5829 | D:5      | Noticed Pikel
  5845 | D:5      | Killed Pikel
  5845 | D:5      | Reached XP level 8. HP: 27/48 MP: 11/11
  6527 | D:5      | Noticed Ijyb
  6539 | D:5      | Killed Ijyb
  6618 | D:5      | HP: 3/72 [poisoned by a water moccasin]
  6621 | D:5      | Gained mutation: You are partially covered in yellow
                  | scales. (AC +2) [potion of mutation]
  6621 | D:5      | Gained mutation: Your skin blends seamlessly with your
                  | surroundings (Stealth++). [potion of mutation]
  6621 | D:5      | Gained mutation: Your muscles are strong. (Str +2) [potion
                  | of mutation]
  6622 | D:5      | HP: 1/72 [poisoned by a water moccasin]
  6855 | D:5      | Reached skill level 5 in Evocations
  7037 | D:5      | Reached XP level 9. HP: 34/53 MP: 5/12
  8126 | D:5      | Found a glowing golden altar of the Shining One.
  9021 | D:6      | Reached skill level 1 in Short Blades
  9868 | D:7      | Found an ornate altar of the Wu Jian Council.
  9892 | D:7      | Learned a level 4 spell: Ice Form
  9908 | D:7      | Reached skill level 5 in Shields
  9965 | D:7      | Noticed a two-headed ogre
  9986 | D:7      | Killed a two-headed ogre
  9986 | D:7      | Reached XP level 10. HP: 36/60 MP: 9/15
 11061 | D:7      | Found a shattered altar of Ashenzari.
 11160 | D:7      | Found a white marble altar of Elyvilon.
 11626 | D:8      | Noticed a two-headed ogre
 11644 | D:8      | HP: 2/60 [two-headed ogre/+0 giant club (14)]
 11646 | D:8      | Mangled by a two-headed ogre

Levels and vault maps discovered:
D:1:      dpeg_arrival_orchard, layout_basic, grunt_decor_mini_mirrors
D:2:      layout_loops_corners, nicolae_gozag_cash_rules_everything_around_me,
          first_ration, chequers_ecumenical_altar_simple
D:3:      layout_loops_corners, kb_xom_exploding_sheep,
          nicolae_overflow_crystal_walls, lemuel_doored_altar,
          ebering_ghost_sewer_d, hangedman_decor_growths
D:4:      layout_cave_pods, kennysheep_little_box, lemuel_round_altar,
          minmay_temple_entry_stoned_glass, gammafunk_ghost_necromancy,
          hangedman_decor_clover_reticule, lemuel_tele_altar
D:5:      layout_basic, tso_oasis_becter, serial_shops, shop_statue, uniq_pikel,
          uniq_ijyb
D:6:      layout_loops_ring
D:7:      kennysheep_big_flooded_room, layout_basic, lemuel_crystal_altar,
          lemuel_coloured_pillars_altar, marbit_many_paths
D:8:      layout_basic, nicolae_dithmenos_shadow_blocks,
          nicolae_qazlal_style_of_elements

Skill      XL: |  1  2  3  4  5  6  7  8  9 10 |
---------------+-------------------------------+-----
Transmutations | 3 4 5 6 8 |  8.4
Unarmed Combat | 4 5 6 7 8 |  8.4
Evocations     | 2 4 5 7 |  7.4
Shields        | 2 3 5 6 |  6.0
Short Blades   | 1 |  1.5
Fighting       | 2 |  2.0
Dodging        | |  2.0
Spellcasting   | |  2.0

Action                   |  1- 3 |  4- 6 |  7- 9 | 10-12 || total
-------------------------+-------+-------+-------+-------++-------
Melee: Unarmed           |    41 |   127 |   102 |    52 ||   322
       Tentacles         |     7 |     5 |    50 |     6 ||    68
       Constrict         |    10 |    10 |    35 |     9 ||    64
       Kick              |     3 |     3 |       |       ||     6
       Punch             |       |     3 |    15 |     6 ||    24
       Short sword       |       |       |   155 |    41 ||   196
 Cast: Beastly Appendage |     3 |     1 |       |       ||     4
       Spider Form       |       |    14 |    11 |     7 ||    32
       Sticks to Snakes  |       |     2 |       |       ||     2
Invok: Potion Petition   |       |     2 |       |       ||     2
  Use: Scroll            |       |     3 |     4 |       ||     7
       Potion            |       |     2 |     8 |       ||    10
 Stab: Sleeping          |     1 |     1 |     9 |     5 ||    16
       Distracted        |     1 |     1 |     2 |       ||     4
  Eat: Chunk             |     3 |     1 |       |       ||     4
       Ration            |       |     3 |     5 |     2 ||    10
Armor: Skin              |     7 |     9 |    13 |     6 ||    35
Dodge: Dodged            |    25 |    62 |   123 |    69 ||   279
Block: Buckler           |       |       |    39 |     8 ||    47

Table legend:
 A = Non-vault XP
 B = Vault XP
 C = Vault XP percentage of total XP
 D = Non-vault monster count
 E = Vault monster count
 F = Vault count percentage of total count
                 A         B        C        D         E       F
            +---------+---------+-------+---------+---------+-------
      Total |    5781 |     667 |  10.3 |     150 |       3 |   2.0
            +---------+---------+-------+---------+---------+-------
        D:1 |      19 |       0 |   0.0 |       5 |       0 |   0.0
        D:2 |      79 |       0 |   0.0 |      15 |       0 |   0.0
        D:3 |     256 |       0 |   0.0 |      32 |       0 |   0.0
        D:4 |     553 |       0 |   0.0 |       9 |       0 |   0.0
        D:5 |    1089 |     665 |  37.9 |      23 |       2 |   8.0
        D:6 |    1099 |       0 |   0.0 |      30 |       0 |   0.0
        D:7 |    1995 |       2 |   0.1 |      27 |       1 |   3.6
        D:8 |     691 |       0 |   0.0 |       9 |       0 |   0.0
            +---------+---------+-------+---------+---------+-------
